 Dungeon Crawl Stone Soup version 0.29.1-12-g30fa7ad0bf (webtiles) character file.

Game seed: 10777198453244059500

51 Mitcholas the Cudgeller (level 3, 29/29 HPs)
             Began as a Demonspawn Fighter on Dec 28, 2022.
             Was a Follower of Kikubaaqudgha.
             Quit the game on level 2 of the Dungeon.
             The game lasted 00:03:28 (1610 turns).

Mitcholas the Cudgeller (Demonspawn Fighter)        Turns: 1610, Time: 00:03:29

Health: 29/29      AC:  6    Str: 18    XL:     3   Next: 58%
Magic:  3/3        EV:  9    Int:  9    God:    Kikubaaqudgha [*.....]
Gold:   66         SH:  4    Dex: 12    Spells: 2/2 levels left

rFire   . . .      SeeInvis .   a - +0 flail
rCold   . . .      Faith    .   c - +0 buckler
rNeg    . . .      Spirit   .   b - +0 scale mail
rPois   .          Reflect  .   (no helmet)
rElec   .          Harm     .   (no cloak)
rCorr   .          Rampage  .   (no gloves)
Will    .....                   (no boots)
Stlth   ..........              (no amulet)
HPRegen 0.09/turn               (no ring)
MPRegen 0.16/turn               (no ring)

@: no status effects
A: magic regeneration
a: Renounce Religion, Unearth Wretches


You were on level 2 of the Dungeon.
You worshipped Kikubaaqudgha.
Kikubaaqudgha was aware of your devotion.
You visited 1 branch of the dungeon, and saw 2 of its levels.

You collected 66 gold pieces.

Inventory:

Hand Weapons
 a - a +0 flail (weapon)
Missiles
 g - 6 curare-tipped darts (quivered)
Armour
 b - a +0 scale mail (worn)
 c - a +0 buckler (worn)
Scrolls
 h - 2 scrolls of enchant armour {unknown}
 i - 4 scrolls of teleportation {unknown}
 n - a scroll of vulnerability {unknown}
 o - a scroll of blinking {unknown}
 p - a scroll of poison {unknown}
 q - a scroll of brand weapon {unknown}
Potions
 d - a potion of might
 e - 2 potions of curing {unknown}
 f - 2 potions of brilliance {unknown}
 j - a potion of haste {unknown}
 k - a potion of resistance {unknown}
 l - a potion of lignification {unknown}
 m - a potion of flight {unknown}


   Skills:
 - Level 3.0 Fighting
 + Level 3.6 Maces & Flails
 - Level 2.6 Armour
 - Level 2.6 Shields


You had 2 spell levels left.
You didn't know any spells.
Your spell library contained the following spells:

 Spells                   Type           Power      Damage    Failure   Level
 Necrotise                Necr           0%         1d4       86%         1
 Blink                    Tloc           0%         N/A       95%         2
 Lesser Beckoning         Tloc           0%         N/A       99%         3
 Vampiric Draining        Necr           0%         2d6       99%         3
 Anguish                  Hex/Necr       0%         N/A       100%        4
 Animate Dead             Necr           0%         N/A       100%        4
 Manifold Assault         Tloc           0%         N/A       100%        5


Dungeon Overview and Level Annotations

Branches:
Dungeon (2/15)

Altars:
Kikubaaqudgha

Shops:
D:2 !(


Innate Abilities, Weirdness & Mutations

You regenerate magic rapidly.


Message History

Sorry, you're not good enough to have a special ability.
The rat barely misses you.
You sock the rat!
You kill the rat!
No target in view!
No target in view!
No target in view!
No target in view!
No target in view!
No target in view!
No target in view!
No target in view!
No target in view!
No target in view!
No target in view!
No target in view!
No target in view!
No target in view!
No target in view!
No target in view!
As you open the door, it creaks loudly!
Found a bone dagger.
Found a faded altar of an unknown god.
There is an open door here.
There is a faded altar of an unknown god here.
You see here the +3 dagger of Change {venom, rN+ Dex+4}.
r - the +3 dagger of Change {venom, rN+ Dex+4} You drop the +3 dagger of Change {venom, rN+ Dex+4}.
There is a faded altar of an unknown god here.
You cannot tell which god this altar belongs to.
Convert to them anyway?
Okay, then.
You cannot tell which god this altar belongs to.
Convert to them anyway?
Kikubaaqudgha accepts your prayer! Kikubaaqudgha welcomes you!
You can now bring forth the wretched and dying.
Kikubaaqudgha grants you a gift!
You add the spells Necrotise, Vampiric Draining, Anguish and Animate Dead to your library.
Unknown command.
Press < or > to pray at altars.
Okay, then.
Are you sure you want to abandon this character and quit the game? (Confirm with "yes".)

# #.......#.######...#.## ##..
#.....$^#......#..###.#####...
##................# ##........
#.#†######.8.8..#####.P..P...
#.#.# #.#'#.......P♣♣♣♣...
....# ...#.#...####.P♣PP...
.....# #.###.###.# #...♣....
♣♣..... #.#8...8#.####.#...#.#
♣..... . #..@..#...#......#.#
...... ## #8.).8#.#.#..###....
###.###.#..........# #.#
..##.∩......## #+#
.###..#####..# #)†# ##... #..#
#.... #..# ♣.♣.. #... ♣.♣..


There were no monsters in sight!

Vanquished Creatures
  7 endoplasms (D:1)
  3 giant cockroaches
  6 hobgoblins (D:1)
  4 jackals
  2 quokkas (D:1)
  3 ball pythons
  4 bats
  A frilled lizard (D:1)
  5 goblins
  3 kobolds (D:1)
  6 rats
44 creatures vanquished.

Notes
Turn   | Place    | Note
-------+----------+-------------------------------------------
     0 | D:1      | Mitcholas the Demonspawn Fighter began the quest for the
                  | Orb.
     0 | D:1      | Reached XP level 1. HP: 18/18 MP: 1/1
   478 | D:1      | Gained mutation: You regenerate magic rapidly. [demonic
                  | ancestry]
   478 | D:1      | Reached XP level 2. HP: 24/24 MP: 2/2
   883 | D:1      | Reached XP level 3. HP: 28/29 MP: 3/3
  1460 | D:2      | Found Vaudeefu's Weapon Shoppe.
  1553 | D:2      | Found Xysal Wemp's Distillery.
  1599 | D:2      | Found a faded altar of an unknown god.
  1605 | D:2      | Identified the +3 dagger of Change {venom, rN+ Dex+4}
  1609 | D:2      | Prayed at the altar of an unknown god.
  1609 | D:2      | Became a worshipper of Kikubaaqudgha
  1609 | D:2      | Reached * piety under Kikubaaqudgha
  1609 | D:2      | Received a gift from Kikubaaqudgha
  1610 | D:2      | Quit the game

Illustrated notes

Levels and vault maps discovered:
D:1:      scummos_arrival_gate, layout_basic, minmay_vboxes
D:2:      layout_loops_ring, dreamdust_ecumenical_altar_angels_and_demons,
          serial_shops, shop, shop, serial_forest, infiniplex_forest_straight_4,
          infiniplex_forest_straight_2, infiniplex_forest_end_double,
          infiniplex_forest_lined_3_way, infiniplex_forest_straight_5,
          infiniplex_forest_clump_small, infiniplex_forest_lined_room_,
          infiniplex_forest_lined_corner, infiniplex_forest_lined_room_3

Skill      XL: |  1  2 |
---------------+-------+-----
Maces & Flails | 2 3 |  3.6
Fighting       | |  3.0
Armour         | |  2.6
Shields        | |  2.6

Action                   || total
-------------------------++-------
Melee: Flail             ||   117
Armor: Scale mail        ||    62
Dodge: Dodged            ||    59
Block: Buckler           ||    32
